Jets vs Oilers (R1)

Created - April 26, 2025 at 22:52

Goals
1 2 3 T
Jets 0 0 1 1
Oilers 3 0 2 5
Shots
1 2 3 T
Jets 4 13 17 34
Oilers 10 11 11 32

1st period

1. Oilers , Connor McDavid 24 (Marcus Pettersson 31, David Pastrnak 36) at 1:48
2. Oilers , Nikita Kucherov 28 (Frederik Gauthier 30, Leon Draisaitl 44) at 8:26
3. Oilers , Leon Draisaitl 33 (Frederik Gauthier 31, Nikita Kucherov 39) at 17:02

Penalties :
Jamie Benn (Edm) for Roughing (Minor) at 4:35, Dougie Hamilton (Win) for Slashing (Minor) at 9:05, Adam Larsson (Win) for Holding Stick (Minor) at 17:14

2nd period

No Goal

Penalties :
Marco Scandella (Edm) for Tripping (Minor) at 4:41, Nikita Kucherov (Edm) for Interference (Minor) at 8:53, Pavel Buchnevich (Win) for Hooking (Minor) at 14:51

3rd period

4. Oilers , David Pastrnak 34 (Connor McDavid 47) at 4:27
5. Jets , Robby Fabbri 11 (Adam Gaudette 11, Dylan Strome 19) at 8:31
6. Oilers , Christian Fischer 9 (Jamie McBain 33, Noel Acciari 10) at 11:18

Penalties :
Marco Scandella (Edm) for Delaying the game (Minor) at 1:41, David Pastrnak (Edm) for Holding (Minor) at 12:32, Anthony Mantha (Win) for Roughing (Minor) at 19:04

Goalie Stats

Jacob Markstrom (Win), 27 saves from 32 shots - (0.844), L, 34-28-4, 60:00 minutes
Jaroslav Halak (Edm), 33 saves from 34 shots - (0.971), W, 10-5-1, 60:00 minutes

Players Stats for Jets

Player Name              G  A  P  +/- PIM S  H  SB GA TA FO     MP     PP MP  PK MP  
------------------------------------------------------------------------------------
Adam Gaudette            0  1  1   1  0   1  3  0  0  0  0/0    10:39   0:00   0:00 
Adam Larsson             0  0  0   0  2   2  0  1  1  1  0/0    28:02   6:56   3:13 
Alex Tuch                0  0  0  -1  0   2  2  1  0  0  1/1    15:19   3:51   0:00 
Anthony Mantha           0  0  0  -3  2   0  1  0  0  0  1/2    21:46   6:04   2:10 
Charlie Coyle            0  0  0  -1  0   2  0  2  0  2  8/18   19:30   3:51   4:11 
Dougie Hamilton          0  0  0   0  2   3  2  1  0  1  0/0    27:29   6:56   3:07 
Dylan Strome             0  1  1   1  0   0  0  0  0  0  3/5    11:03   0:00   0:24 
Erik Cernak              0  0  0  -1  0   1  1  1  0  0  0/0    11:34   0:00   0:16 
Frank Vatrano            0  0  0  -1  0   3  2  0  1  0  0/0     7:32   0:00   0:00 
Jack Roslovic            0  0  0  -3  0   5  2  0  0  0  0/4    19:32   6:04   0:00 
Noah Hanifin             0  0  0  -1  0   1  1  1  0  0  0/0    13:20   0:00   2:24 
Pavel Buchnevich         0  0  0  -1  2   2  0  0  1  1  0/1    16:59   3:51   1:35 
Robby Fabbri             1  0  1   1  0   2  0  1  0  0  0/1    11:54   0:00   1:14 
Roope Hintz              0  0  0  -1  0   0  2  0  0  0  3/7     7:32   0:00   0:00 
Ryan Murray              0  0  0  -3  0   2  1  3  1  0  0/0    19:49   2:59   2:22 
Samuel Blais             0  0  0  -1  0   1  2  0  0  0  0/0     7:35   0:00   0:02 
Troy Stetcher            0  0  0  -3  0   3  2  1  0  2  0/0    19:49   2:59   2:22 
Tyler Seguin             0  0  0  -3  0   4  1  0  0  0  19/39  23:40   6:04   4:08 

Players Stats for Oilers

Player Name              G  A  P  +/- PIM S  H  SB GA TA FO     MP     PP MP  PK MP  
------------------------------------------------------------------------------------
Andrew Mangiapane        0  0  0   0  0   0  2  1  0  0  0/1     9:01   0:00   0:00 
Anton Slepyshev          0  0  0   1  0   2  1  0  0  0  0/0     9:22   0:00   1:38 
Brandon Montour          0  0  0   1  0   1  0  1  0  0  0/0    18:15   0:00   1:26 
Brent Burns              0  0  0   0  0   0  2  3  0  0  0/0    21:26   2:35   6:14 
Brett Lernout            0  0  0   0  0   0  1  0  0  0  0/0     9:44   0:00   0:00 
Christian Fischer        1  0  1   1  0   2  1  0  1  0  0/0     7:44   0:00   0:00 
Connor McDavid           1  1  2   1  0   4  3  0  2  0  12/18  17:00   3:49   0:55 
David Pastrnak           1  1  2   1  2   4  2  0  1  0  0/0    15:18   3:03   0:00 
Frederik Gauthier        0  2  2   2  0   1  2  1  0  1  12/23  15:39   0:00   2:56 
Jamie Benn               0  0  0   1  2   1  0  0  1  1  2/2    14:16   0:00   2:13 
Jamie McBain             0  1  1   3  0   2  2  0  0  0  0/0    26:33   4:17   5:54 
Jason Robertson          0  0  0   0  0   0  1  1  0  0  0/0    12:05   3:03   0:00 
Leon Draisaitl           1  1  2   2  0   3  0  1  0  0  3/3    24:16   3:49   6:04 
Marco Scandella          0  0  0   1  4   2  2  4  0  0  0/0    22:06   2:35   2:15 
Marcus Pettersson        0  1  1   3  0   1  1  4  0  2  0/0    22:43   4:17   4:01 
Nikita Kucherov          1  1  2   2  2   6  4  0  2  0  0/1    17:11   3:49   0:00 
Noel Acciari             0  1  1   1  0   1  0  0  0  0  1/4     7:44   0:00   0:00 
Tyler Johnson            0  0  0   0  0   2  1  1  0  0  13/26  19:37   3:03   6:04 

3 Stars

1 - Jaroslav Halak (Edm)
2 - Connor McDavid (Edm)
3 - Nikita Kucherov (Edm)

Power Play

Jets - 0 on 5 Attempt(s) - 0.00%
Oilers - 0 on 4 Attempt(s) - 0.00%

Penalty Kill

Jets - 4 on 4 Attempt(s) - 100.00% - Score 0 goal in Penalty Kill
Oilers - 5 on 5 Attempt(s) - 100.00% - Score 0 goal in Penalty Kill

Team Stat

Jets - Hits : 22 - Faceoff Wins : 35 - Blocked Shots : 12 - Penalty Minutes : 8
Oilers - Hits : 25 - Faceoff Wins : 43 - Blocked Shots : 17 - Penalty Minutes : 10

Official

Referees : Dan Kelly and Francois St. Laurent
Linesman : Travis Toomey and Greg Devorski

Game Notes

9:13 of 2nd period - Jets goal is going for a video replay. After video review, No Goal. The puck has been kicked using a distinct kicking motion.

Finance

Level 1 -- Attendance: 6000 (100.00%) -- Ticket Income $600,000
Level 2 -- Attendance: 4993 (99.86%) -- Ticket Income $349,510
Level 3 -- Attendance: 1971 (98.55%) -- Ticket Income $78,840
Level 4 -- Attendance: 3981 (99.53%) -- Ticket Income $119,430
Luxury Box -- Attendance: 995 (99.50%) -- Ticket Income $199,000
Game was played at the Rodgers Place.
Total Attendance: 17940 (99.67%)
Total Ticket Income: $1,346,780
Other Income: $202,017
Total Income: $1,548,797

Jets

5 vs 5 Forward 
   Center                   Left Wing                Right Wing               Time % Phy DF OF 
 1 Tyler Seguin             Anthony Mantha           Jack Roslovic            40     1   2  2  
 2 Charlie Coyle            Pavel Buchnevich         Alex Tuch                30     1   2  2  
 3 Dylan Strome             Robby Fabbri             Adam Gaudette            20     1   2  2  
 4 Roope Hintz              Samuel Blais             Frank Vatrano            10     1   2  2  

5 vs 5 Defense 
   Defense                  Defense                                           Time % Phy DF OF 
 1 Dougie Hamilton          Adam Larsson                                      40     1   2  2  
 2 Ryan Murray              Troy Stetcher                                     30     1   2  2  
 3 Erik Cernak              Noah Hanifin                                      20     1   2  2  
 4 Dougie Hamilton          Adam Larsson                                      10     1   2  2  

PowerPlay Forward 
   Center                   Left Wing                Right Wing               Time % Phy DF OF 
 1 Tyler Seguin             Anthony Mantha           Jack Roslovic            60     1   2  2  
 2 Charlie Coyle            Pavel Buchnevich         Alex Tuch                40     1   2  2  

PowerPlay Defense
   Defense                  Defense                                           Time % Phy DF OF 
 1 Dougie Hamilton          Adam Larsson                                      60     1   2  2  
 2 Ryan Murray              Troy Stetcher                                     40     1   2  2  

Penalty Kill 4 Players Forward 
   Center                   Wing                     Time % Phy DF OF 
 1 Tyler Seguin             Charlie Coyle            60     1   2  2  
 2 Anthony Mantha           Pavel Buchnevich         40     1   2  2  

Penalty Kill 4 Players Defense
   Defense                  Defense                  Time % Phy DF OF 
 1 Dougie Hamilton          Adam Larsson             60     1   2  2  
 2 Ryan Murray              Troy Stetcher            40     1   2  2  

Penalty Kill - 3 Players Forward 
   Forward                                           Time % Phy DF OF 
 1 Tyler Seguin                                      60     1   2  2  
 2 Charlie Coyle                                     40     1   2  2  

Penalty Kill - 3 Players Defense
   Defense                  Defense                  Time % Phy DF OF 
 1 Dougie Hamilton          Adam Larsson             60     1   2  2  
 2 Ryan Murray              Troy Stetcher            40     1   2  2  

4 vs 4 Forward 
   Center                   Wing                     Time % Phy DF OF 
 1 Tyler Seguin             Charlie Coyle            60     1   2  2  
 2 Anthony Mantha           Pavel Buchnevich         40     1   2  2  

4 vs 4 Defense
   Defense                  Defense                  Time % Phy DF OF 
 1 Dougie Hamilton          Adam Larsson             60     1   2  2  
 2 Ryan Murray              Troy Stetcher            40     1   2  2  

Last Minutes Offensive
   Center                   Left Wing                Right Wing               Defense                  Defense                  
   Tyler Seguin             Anthony Mantha           Jack Roslovic            Dougie Hamilton          Adam Larsson             

Last Minutes Defensive
   Center                   Left Wing                Right Wing               Defense                  Defense                  
   Tyler Seguin             Anthony Mantha           Jack Roslovic            Dougie Hamilton          Adam Larsson             

Goaltenders
Starting : Jacob Markstrom          
Backup : James Reimer             

Extra Forwards
Normal : Adam Gaudette, Dylan Strome, Robby Fabbri - PP : Adam Gaudette, Dylan Strome - PK : Robby Fabbri
Extra Defensemen
Normal : Erik Cernak, Noah Hanifin, Ryan Murray - PP : Erik Cernak - PK : Noah Hanifin, Ryan Murray
Penalty Shots
Tyler Seguin, Charlie Coyle, Anthony Mantha, Pavel Buchnevich, Jack Roslovic
Custom OT Lines Forwards
Tyler Seguin, Charlie Coyle, Anthony Mantha, Pavel Buchnevich, Jack Roslovic, Alex Tuch, Adam Gaudette, Dylan Strome, Robby Fabbri, Roope Hintz
Custom OT Lines Defensemen
Dougie Hamilton, Adam Larsson, Ryan Murray, Troy Stetcher, Erik Cernak

Scratches
Sam Reinhart (Healthy)

Oilers

5 vs 5 Forward 
   Center                   Left Wing                Right Wing               Time % Phy DF OF 
 1 Frederik Gauthier        Leon Draisaitl           Nikita Kucherov          35     1   2  2  
 2 Connor McDavid           Jamie Benn               David Pastrnak           30     1   2  2  
 3 Tyler Johnson            Jason Robertson          Andrew Mangiapane        25     1   2  2  
 4 Noel Acciari             Anton Slepyshev          Christian Fischer        10     1   2  2  

5 vs 5 Defense 
   Defense                  Defense                                           Time % Phy DF OF 
 1 Brandon Montour          Marco Scandella                                   40     1   2  2  
 2 Jamie McBain             Marcus Pettersson                                 30     1   2  2  
 3 Brent Burns              Brett Lernout                                     20     1   2  2  
 4 Jamie McBain             Brent Burns                                       10     1   2  2  

PowerPlay Forward 
   Center                   Left Wing                Right Wing               Time % Phy DF OF 
 1 Connor McDavid           Leon Draisaitl           Nikita Kucherov          60     1   2  2  
 2 Tyler Johnson            Jason Robertson          David Pastrnak           40     1   2  2  

PowerPlay Defense
   Defense                  Defense                                           Time % Phy DF OF 
 1 Jamie McBain             Marcus Pettersson                                 60     1   2  2  
 2 Marco Scandella          Brent Burns                                       40     1   2  2  

Penalty Kill 4 Players Forward 
   Center                   Wing                     Time % Phy DF OF 
 1 Tyler Johnson            Leon Draisaitl           60     1   4  0  
 2 Frederik Gauthier        Jamie Benn               40     1   4  0  

Penalty Kill 4 Players Defense
   Defense                  Defense                  Time % Phy DF OF 
 1 Jamie McBain             Brent Burns              60     0   5  0  
 2 Marco Scandella          Marcus Pettersson        40     0   5  0  

Penalty Kill - 3 Players Forward 
   Forward                                           Time % Phy DF OF 
 1 Connor McDavid                                    60     0   5  0  
 2 Tyler Johnson                                     40     0   5  0  

Penalty Kill - 3 Players Defense
   Defense                  Defense                  Time % Phy DF OF 
 1 Jamie McBain             Brent Burns              60     0   5  0  
 2 Marco Scandella          Marcus Pettersson        40     0   5  0  

4 vs 4 Forward 
   Center                   Wing                     Time % Phy DF OF 
 1 Connor McDavid           Leon Draisaitl           60     1   2  2  
 2 Tyler Johnson            Jamie Benn               40     1   2  2  

4 vs 4 Defense
   Defense                  Defense                  Time % Phy DF OF 
 1 Jamie McBain             Brent Burns              60     1   2  2  
 2 Marco Scandella          Marcus Pettersson        40     1   2  2  

Last Minutes Offensive
   Center                   Left Wing                Right Wing               Defense                  Defense                  
   Connor McDavid           Leon Draisaitl           Nikita Kucherov          Jamie McBain             Brent Burns              

Last Minutes Defensive
   Center                   Left Wing                Right Wing               Defense                  Defense                  
   Connor McDavid           Leon Draisaitl           Nikita Kucherov          Jamie McBain             Brent Burns              

Goaltenders
Starting : Jaroslav Halak           
Backup : Alexandar Georgiev       

Extra Forwards
Normal : Leon Draisaitl, Frederik Gauthier, Jamie Benn - PP : Leon Draisaitl, Frederik Gauthier - PK : Leon Draisaitl
Extra Defensemen
Normal : Marcus Pettersson, Brent Burns, Brett Lernout - PP : Marcus Pettersson - PK : Marcus Pettersson, Brent Burns
Penalty Shots
Connor McDavid, Nikita Kucherov, David Pastrnak, Tyler Johnson, Leon Draisaitl
Custom OT Lines Forwards
Connor McDavid, Nikita Kucherov, David Pastrnak, Tyler Johnson, Leon Draisaitl, Frederik Gauthier, Jamie Benn, Noel Acciari, Anton Slepyshev, Andrew Mangiapane
Custom OT Lines Defensemen
Jamie McBain, Brent Burns, Marco Scandella, Marcus Pettersson, Brandon Montour

Scratches
Philippe Myers (Healthy)

% Time on Ice - Jets

Lines # - Real PCT - Wanted PCT - Time Play
Normal Forward
1 - 31% - 40% - 13:29
2 - 27% - 30% - 11:33
3 - 25% - 20% - 10:39
4 - 17% - 10% - 7:32
Normal Defense
1 - 40% - 40% - 17:12
2 - 33% - 30% - 14:28
3 - 25% - 20% - 10:56
4 - 1% - 10% - 0:37
PP Forward
1 - 61% - 60% - 6:04
2 - 39% - 40% - 3:51
PP Defense
1 - 70% - 60% - 6:56
2 - 30% - 40% - 2:59
PK Forward
1 - 70% - 60% - 4:50
2 - 30% - 40% - 2:02
PK Defense
1 - 66% - 60% - 4:30
2 - 34% - 40% - 2:22
PK3 Forward
1 - 0% - 60%
2 - 0% - 40%
PK3 Defense
1 - 0% - 60%
2 - 0% - 40%
44 Forward
1 - 0% - 60%
2 - 0% - 40%
44 Defense
1 - 0% - 60%
2 - 0% - 40%
Last Minute Offensive  - 0:00
Last Minute Defensive  - 0:00
Total
Forward - 60:00
Defense - 60:00

% Time on Ice - Oilers

Lines # - Real PCT - Wanted PCT - Time Play
Normal Forward
1 - 33% - 35% - 14:23
2 - 28% - 30% - 12:05
3 - 21% - 25% - 9:01
4 - 18% - 10% - 7:44
Normal Defense
1 - 42% - 40% - 18:10
2 - 33% - 30% - 14:09
3 - 23% - 20% - 9:44
4 - 3% - 10% - 1:10
PP Forward
1 - 56% - 60% - 3:49
2 - 44% - 40% - 3:03
PP Defense
1 - 62% - 60% - 4:17
2 - 38% - 40% - 2:35
PK Forward
1 - 70% - 60% - 6:59
2 - 30% - 40% - 2:56
PK Defense
1 - 59% - 60% - 5:54
2 - 41% - 40% - 4:01
PK3 Forward
1 - 0% - 60%
2 - 0% - 40%
PK3 Defense
1 - 0% - 60%
2 - 0% - 40%
44 Forward
1 - 0% - 60%
2 - 0% - 40%
44 Defense
1 - 0% - 60%
2 - 0% - 40%
Last Minute Offensive  - 0:00
Last Minute Defensive  - 0:00
Total
Forward - 60:00
Defense - 60:00

Play-by-Play

1st period


0:01 of 1st period - Tyler Seguin wins face-off versus Frederik Gauthier in neutral zone.
0:06 of 1st period - Wrist shot by Tyler Seguin.
0:06 of 1st period - Stopped by Jaroslav Halak without a rebound.
0:07 of 1st period - Frederik Gauthier wins face-off versus Tyler Seguin in Oilers zone.
0:20 of 1st period - Slapshot by Nikita Kucherov.
0:20 of 1st period - Stopped by Jacob Markstrom with a rebound.
0:44 of 1st period - Backhand shot by Nikita Kucherov.
0:44 of 1st period - Shot Misses the Net.
1:40 of 1st period - Snap shot by Nikita Kucherov.
1:40 of 1st period - Stopped by Jacob Markstrom without a rebound.
1:41 of 1st period - Jamie Benn wins face-off versus Charlie Coyle in Jets zone.
1:44 of 1st period - Snap shot by David Pastrnak.
1:44 of 1st period - Shot Blocked by Ryan Murray.
1:46 of 1st period - Slapshot by Marcus Pettersson.
1:46 of 1st period - Shot Blocked by Ryan Murray.
1:48 of 1st period - Snap shot by Connor McDavid.
1:48 of 1st period - Goal by Connor McDavid - Jets : 0 - Oilers : 1.
1:49 of 1st period - Tyler Johnson wins face-off versus Charlie Coyle in neutral zone.
2:00 of 1st period - Wrist shot by Tyler Johnson.
2:00 of 1st period - Shot Misses the Net.
2:06 of 1st period - Wrist shot by Jason Robertson.
2:06 of 1st period - Deflect By Tyler Johnson.
2:06 of 1st period - Shot Misses the Net.
2:06 of 1st period - Puck is out of play.
2:07 of 1st period - Dylan Strome wins face-off versus Connor McDavid in Jets zone.
2:34 of 1st period - Noah Hanifin is hit by Brett Lernout and loses puck.
2:52 of 1st period - Icing by Charlie Coyle.
2:53 of 1st period - Roope Hintz wins face-off versus Noel Acciari in Jets zone.
2:53 of 1st period - Roope Hintz is hit by Jamie McBain.
4:11 of 1st period - Snap shot by Frank Vatrano.
4:11 of 1st period - Stopped by Jaroslav Halak without a rebound.
4:12 of 1st period - Connor McDavid wins face-off versus Charlie Coyle in Oilers zone.
4:19 of 1st period - Snap shot by Connor McDavid.
4:19 of 1st period - Shot Blocked by Charlie Coyle.
4:35 of 1st period - Minor Penalty to Jamie Benn for Roughing.
4:36 of 1st period - Tyler Johnson wins face-off versus Tyler Seguin in Oilers zone.
4:41 of 1st period - Backhand shot by Tyler Johnson.
4:41 of 1st period - Stopped by Jacob Markstrom without a rebound.
4:42 of 1st period - Leon Draisaitl wins face-off versus Jack Roslovic in Jets zone.
6:35 of 1st period - Penalty to Jamie Benn is over, Jamie Benn is back on ice.
7:08 of 1st period - Snap shot by Ryan Murray.
7:08 of 1st period - Stopped by Jaroslav Halak without a rebound.
7:09 of 1st period - Tyler Johnson wins face-off versus Roope Hintz in Oilers zone.
7:47 of 1st period - Jamie Benn is hit by Samuel Blais and loses puck.
8:04 of 1st period - Erik Cernak is hit by Connor McDavid and loses puck.
8:10 of 1st period - Off-side.
8:11 of 1st period - Frederik Gauthier wins face-off versus Tyler Seguin in neutral zone.
8:26 of 1st period - Snap shot by Nikita Kucherov.
8:26 of 1st period - Goal by Nikita Kucherov - Jets : 0 - Oilers : 2.
8:27 of 1st period - Tyler Johnson wins face-off versus Tyler Seguin in neutral zone.
8:30 of 1st period - Tyler Seguin is hit by Andrew Mangiapane and loses puck.
8:44 of 1st period - Off-side.
8:45 of 1st period - Charlie Coyle wins face-off versus Frederik Gauthier in neutral zone.
8:57 of 1st period - Dougie Hamilton is hit by Frederik Gauthier and loses puck.
9:05 of 1st period - Minor Penalty to Dougie Hamilton for Slashing.
9:06 of 1st period - Connor McDavid wins face-off versus Tyler Seguin in Jets zone.
9:12 of 1st period - Wrist shot by Connor McDavid.
9:12 of 1st period - Deflect By Leon Draisaitl.
9:12 of 1st period - Shot Misses the Net.
9:12 of 1st period - Puck is out of play.
9:13 of 1st period - Leon Draisaitl wins face-off versus Tyler Seguin in Jets zone.
9:20 of 1st period - Slapshot by Nikita Kucherov.
9:20 of 1st period - Shot Blocked by Charlie Coyle.
9:22 of 1st period - Backhand shot by Nikita Kucherov.
9:22 of 1st period - Stopped by Jacob Markstrom without a rebound.
9:23 of 1st period - Tyler Seguin wins face-off versus Connor McDavid in Jets zone.
9:33 of 1st period - Off-side.
9:34 of 1st period - Connor McDavid wins face-off versus Charlie Coyle in neutral zone.
11:05 of 1st period - Penalty to Dougie Hamilton is over, Dougie Hamilton is back on ice.
11:17 of 1st period - Brandon Montour is hit by Frank Vatrano and loses puck.
11:52 of 1st period - Anthony Mantha is hit by David Pastrnak and loses puck.
12:41 of 1st period - Erik Cernak is hit by David Pastrnak and loses puck.
12:48 of 1st period - Connor McDavid is hit by Adam Gaudette and loses puck.
13:09 of 1st period - Anton Slepyshev is hit by Ryan Murray and loses puck.
13:27 of 1st period - Charlie Coyle is hit by Frederik Gauthier and loses puck.
13:38 of 1st period - Brent Burns is hit by Frank Vatrano and loses puck.
14:01 of 1st period - Icing by David Pastrnak.
14:02 of 1st period - Frederik Gauthier wins face-off versus Dylan Strome in Oilers zone.
14:11 of 1st period - Snap shot by Robby Fabbri.
14:11 of 1st period - Stopped by Jaroslav Halak without a rebound.
14:12 of 1st period - Frederik Gauthier wins face-off versus Jack Roslovic in Oilers zone.
14:21 of 1st period - Snap shot by Nikita Kucherov.
14:21 of 1st period - Shot Misses the Net.
14:39 of 1st period - Andrew Mangiapane is hit by Alex Tuch and loses puck.
15:02 of 1st period - Brett Lernout is hit by Dougie Hamilton.
15:34 of 1st period - Backhand shot by Tyler Seguin.
15:34 of 1st period - Shot Blocked by Marco Scandella.
16:03 of 1st period - Nikita Kucherov is hit by Troy Stetcher and loses puck.
16:22 of 1st period - Slapshot by Brent Burns.
16:22 of 1st period - Shot Misses the Net.
16:24 of 1st period - Snap shot by Brent Burns.
16:24 of 1st period - Shot Blocked by Ryan Murray.
16:58 of 1st period - Wrist shot by Leon Draisaitl.
16:58 of 1st period - Shot Misses the Net.
17:02 of 1st period - Snap shot by Leon Draisaitl.
17:02 of 1st period - Goal by Leon Draisaitl - Jets : 0 - Oilers : 3.
17:03 of 1st period - Connor McDavid wins face-off versus Charlie Coyle in neutral zone.
17:12 of 1st period - Wrist shot by Connor McDavid.
17:12 of 1st period - Stopped by Jacob Markstrom with a rebound.
17:14 of 1st period - Minor Penalty to Adam Larsson for Holding Stick.
17:15 of 1st period - Tyler Seguin wins face-off versus Tyler Johnson in Jets zone.
18:18 of 1st period - Icing by Nikita Kucherov.
18:19 of 1st period - Leon Draisaitl wins face-off versus Tyler Seguin in Oilers zone.
18:24 of 1st period - Wrist shot by David Pastrnak.
18:24 of 1st period - Stopped by Jacob Markstrom without a rebound.
18:25 of 1st period - Tyler Johnson wins face-off versus Tyler Seguin in Jets zone.
18:26 of 1st period - Wrist shot by David Pastrnak.
18:26 of 1st period - Shot Blocked by Noah Hanifin.
18:28 of 1st period - Snap shot by Marcus Pettersson.
18:28 of 1st period - Stopped by Jacob Markstrom without a rebound.
18:29 of 1st period - Tyler Seguin wins face-off versus Tyler Johnson in Jets zone.
19:14 of 1st period - Penalty to Adam Larsson is over, Adam Larsson is back on ice.
19:36 of 1st period - Snap shot by Dylan Strome.
19:36 of 1st period - Shot Blocked by Marco Scandella.
Goals for this period are 0 for Jets vs 3 for Oilers.
Shots for this period are 4 for Jets vs 10 for Oilers.

2nd period


0:01 of 2nd period - Tyler Johnson wins face-off versus Tyler Seguin in neutral zone.
0:17 of 2nd period - Backhand shot by Tyler Johnson.
0:17 of 2nd period - Stopped by Jacob Markstrom without a rebound.
0:18 of 2nd period - Jamie Benn wins face-off versus Charlie Coyle in Jets zone.
0:31 of 2nd period - Slapshot by Connor McDavid.
0:31 of 2nd period - Shot Blocked by Alex Tuch.
0:33 of 2nd period - Wrist shot by David Pastrnak.
0:33 of 2nd period - Stopped by Jacob Markstrom without a rebound.
0:34 of 2nd period - Tyler Seguin wins face-off versus Tyler Johnson in Jets zone.
0:38 of 2nd period - Off-side.
0:39 of 2nd period - Tyler Johnson wins face-off versus Jack Roslovic in neutral zone.
0:42 of 2nd period - Tyler Seguin is hit by Tyler Johnson and loses puck.
1:19 of 2nd period - Snap shot by Connor McDavid.
1:19 of 2nd period - Stopped by Jacob Markstrom with a rebound.
1:35 of 2nd period - Jamie McBain is hit by Dougie Hamilton and loses puck.
2:16 of 2nd period - Backhand shot by Jamie McBain.
2:16 of 2nd period - Shot Misses the Net.
2:18 of 2nd period - Slapshot by Jason Robertson.
2:18 of 2nd period - Shot Misses the Net.
2:38 of 2nd period - Wrist shot by Robby Fabbri.
2:38 of 2nd period - Shot Misses the Net.
2:58 of 2nd period - Icing by Brett Lernout.
2:59 of 2nd period - Connor McDavid wins face-off versus Tyler Seguin in Oilers zone.
2:59 of 2nd period - Connor McDavid is hit by Troy Stetcher.
3:33 of 2nd period - Wrist shot by Charlie Coyle.
3:33 of 2nd period - Shot Blocked by Brent Burns.
4:28 of 2nd period - Snap shot by Frank Vatrano.
4:28 of 2nd period - Stopped by Jaroslav Halak without a rebound.
4:29 of 2nd period - Charlie Coyle wins face-off versus Frederik Gauthier in Oilers zone.
4:30 of 2nd period - Wrist shot by Pavel Buchnevich.
4:30 of 2nd period - Stopped by Jaroslav Halak without a rebound.
4:31 of 2nd period - Charlie Coyle wins face-off versus Frederik Gauthier in Oilers zone.
4:41 of 2nd period - Minor Penalty to Marco Scandella for Tripping.
4:42 of 2nd period - Tyler Johnson wins face-off versus Tyler Seguin in Oilers zone.
4:50 of 2nd period - Slapshot by Dougie Hamilton.
4:50 of 2nd period - Stopped by Jaroslav Halak without a rebound.
4:51 of 2nd period - Tyler Seguin wins face-off versus Tyler Johnson in Oilers zone.
4:52 of 2nd period - Wrist shot by Jack Roslovic.
4:52 of 2nd period - Stopped by Jaroslav Halak without a rebound.
4:53 of 2nd period - Tyler Seguin wins face-off versus Tyler Johnson in Oilers zone.
5:10 of 2nd period - Wrist shot by Jack Roslovic.
5:10 of 2nd period - Shot Blocked by Tyler Johnson.
5:23 of 2nd period - Off-side.
5:24 of 2nd period - Alex Tuch wins face-off versus Tyler Johnson in neutral zone.
5:41 of 2nd period - Slapshot by Ryan Murray.
5:41 of 2nd period - Shot Blocked by Marcus Pettersson.
5:43 of 2nd period - Slapshot by Troy Stetcher.
5:43 of 2nd period - Stopped by Jaroslav Halak without a rebound.
5:44 of 2nd period - Frederik Gauthier wins face-off versus Jack Roslovic in Oilers zone.
5:44 of 2nd period - Frederik Gauthier is hit by Anthony Mantha.
6:10 of 2nd period - Alex Tuch is hit by Brent Burns and loses puck.
6:23 of 2nd period - Snap shot by Frederik Gauthier.
6:23 of 2nd period - Stopped by Jacob Markstrom with a rebound.
6:35 of 2nd period - Tyler Johnson is hit by Tyler Seguin and loses puck.
6:41 of 2nd period - Penalty to Marco Scandella is over, Marco Scandella is back on ice.
7:14 of 2nd period - Icing by Noel Acciari.
7:15 of 2nd period - Roope Hintz wins face-off versus Noel Acciari in Oilers zone.
7:16 of 2nd period - Wrist shot by Frank Vatrano.
7:16 of 2nd period - Stopped by Jaroslav Halak with a rebound.
7:18 of 2nd period - Slapshot by Erik Cernak.
7:18 of 2nd period - Deflect By Samuel Blais.
7:18 of 2nd period - Shot Misses the Net.
7:18 of 2nd period - Puck is out of play.
7:19 of 2nd period - Frederik Gauthier wins face-off versus Roope Hintz in Oilers zone.
7:19 of 2nd period - Frederik Gauthier is hit by Samuel Blais.
8:04 of 2nd period - Noah Hanifin is hit by Marco Scandella and loses puck.
8:10 of 2nd period - Tyler Johnson is hit by Noah Hanifin and loses puck.
8:42 of 2nd period - Adam Larsson is hit by Christian Fischer and loses puck.
8:49 of 2nd period - Wrist shot by Dougie Hamilton.
8:49 of 2nd period - Stopped by Jaroslav Halak without a rebound.
8:50 of 2nd period - Anthony Mantha wins face-off versus Frederik Gauthier in Oilers zone.
8:51 of 2nd period - Slapshot by Jack Roslovic.
8:51 of 2nd period - Shot Misses the Net.
8:53 of 2nd period - Minor Penalty to Nikita Kucherov for Interference.
8:54 of 2nd period - Tyler Seguin wins face-off versus Tyler Johnson in Oilers zone.
9:09 of 2nd period - Slapshot by Tyler Seguin.
9:09 of 2nd period - Stopped by Jaroslav Halak without a rebound.
9:10 of 2nd period - Tyler Seguin wins face-off versus Tyler Johnson in Oilers zone.
9:11 of 2nd period - Wrist shot by Jack Roslovic.
9:11 of 2nd period - Shot Misses the Net.
9:13 of 2nd period - Slapshot by Tyler Seguin.
9:13 of 2nd period - Jets goal is going for a video replay.
9:13 of 2nd period - The goal is refused. The puck has been kicked using a distinct kicking motion..
9:14 of 2nd period - Tyler Johnson wins face-off versus Tyler Seguin in Oilers zone.
10:05 of 2nd period - Slapshot by Marcus Pettersson.
10:05 of 2nd period - Shot Blocked by Adam Larsson.
10:13 of 2nd period - Snap shot by Jamie Benn.
10:13 of 2nd period - Stopped by Jacob Markstrom with a rebound.
10:31 of 2nd period - Slapshot by Connor McDavid.
10:31 of 2nd period - Shot Misses the Net.
10:53 of 2nd period - Penalty to Nikita Kucherov is over, Nikita Kucherov is back on ice.
11:16 of 2nd period - Backhand shot by Nikita Kucherov.
11:16 of 2nd period - Stopped by Jacob Markstrom with a rebound.
11:18 of 2nd period - Slapshot by Nikita Kucherov.
11:18 of 2nd period - Shot Blocked by Troy Stetcher.
11:20 of 2nd period - Slapshot by Brent Burns.
11:20 of 2nd period - Deflect By Leon Draisaitl.
11:20 of 2nd period - Shot Misses the Net.
11:20 of 2nd period - Puck is out of play.
11:21 of 2nd period - Connor McDavid wins face-off versus Dylan Strome in Jets zone.
11:22 of 2nd period - Snap shot by David Pastrnak.
11:22 of 2nd period - Stopped by Jacob Markstrom with a rebound.
11:36 of 2nd period - David Pastrnak is hit by Erik Cernak.
11:56 of 2nd period - Charlie Coyle is hit by Anton Slepyshev and loses puck.
12:11 of 2nd period - Tyler Johnson is hit by Roope Hintz.
12:14 of 2nd period - Off-side.
12:15 of 2nd period - Roope Hintz wins face-off versus Connor McDavid in neutral zone.
12:55 of 2nd period - Icing by Dougie Hamilton.
12:56 of 2nd period - Noel Acciari wins face-off versus Charlie Coyle in Jets zone.
13:03 of 2nd period - Snap shot by Pavel Buchnevich.
13:03 of 2nd period - Shot Blocked by Marco Scandella.
13:29 of 2nd period - Slapshot by Adam Larsson.
13:29 of 2nd period - Stopped by Jaroslav Halak without a rebound.
13:30 of 2nd period - Tyler Seguin wins face-off versus Frederik Gauthier in Oilers zone.
13:30 of 2nd period - Tyler Seguin is hit by Jamie McBain.
13:42 of 2nd period - Snap shot by Jack Roslovic.
13:42 of 2nd period - Deflect By Jamie McBain.
13:42 of 2nd period - Stopped by Jaroslav Halak with a rebound.
14:04 of 2nd period - Off-side.
14:05 of 2nd period - Tyler Johnson wins face-off versus Tyler Seguin in neutral zone.
14:18 of 2nd period - Wrist shot by Tyler Seguin.
14:18 of 2nd period - Stopped by Jaroslav Halak with a rebound.
14:20 of 2nd period - Snap shot by Jack Roslovic.
14:20 of 2nd period - Shot Blocked by Brandon Montour.
14:22 of 2nd period - Snap shot by Tyler Seguin.
14:22 of 2nd period - Shot Misses the Net.
14:32 of 2nd period - Alex Tuch is hit by Nikita Kucherov and loses puck.
14:51 of 2nd period - Minor Penalty to Pavel Buchnevich for Hooking.
14:52 of 2nd period - Tyler Seguin wins face-off versus Connor McDavid in Jets zone.
14:52 of 2nd period - Tyler Seguin is hit by Nikita Kucherov.
15:52 of 2nd period - Troy Stetcher is hit by Nikita Kucherov and loses puck.
16:51 of 2nd period - Penalty to Pavel Buchnevich is over, Pavel Buchnevich is back on ice.
17:07 of 2nd period - Snap shot by Christian Fischer.
17:07 of 2nd period - Stopped by Jacob Markstrom without a rebound.
17:08 of 2nd period - Dylan Strome wins face-off versus Noel Acciari in Jets zone.
17:42 of 2nd period - Anton Slepyshev is hit by Alex Tuch and loses puck.
17:49 of 2nd period - Ryan Murray is hit by Marco Scandella and loses puck.
18:10 of 2nd period - Snap shot by Anton Slepyshev.
18:10 of 2nd period - Stopped by Jacob Markstrom without a rebound.
18:11 of 2nd period - Tyler Seguin wins face-off versus Connor McDavid in Jets zone.
19:42 of 2nd period - Slapshot by Ryan Murray.
19:42 of 2nd period - Stopped by Jaroslav Halak without a rebound.
19:43 of 2nd period - Frederik Gauthier wins face-off versus Tyler Seguin in Oilers zone.
19:51 of 2nd period - Slapshot by Marco Scandella.
19:51 of 2nd period - Stopped by Jacob Markstrom without a rebound.
19:52 of 2nd period - Frederik Gauthier wins face-off versus Tyler Seguin in Jets zone.
19:53 of 2nd period - Wrist shot by Leon Draisaitl.
19:53 of 2nd period - Stopped by Jacob Markstrom without a rebound.
19:54 of 2nd period - Tyler Seguin wins face-off versus Frederik Gauthier in Jets zone.
19:54 of 2nd period - Tyler Seguin is hit by Nikita Kucherov.
Goals for this period are 0 for Jets vs 0 for Oilers.
Shots for this period are 13 for Jets vs 11 for Oilers.

3rd period


0:01 of 3rd period - Connor McDavid wins face-off versus Anthony Mantha in neutral zone.
0:04 of 3rd period - Snap shot by Connor McDavid.
0:04 of 3rd period - Shot Misses the Net.
0:10 of 3rd period - Snap shot by Jack Roslovic.
0:10 of 3rd period - Shot Blocked by Marcus Pettersson.
0:12 of 3rd period - Slapshot by Adam Larsson.
0:12 of 3rd period - Stopped by Jaroslav Halak with a rebound.
0:16 of 3rd period - Snap shot by Jack Roslovic.
0:16 of 3rd period - Shot Blocked by Marcus Pettersson.
0:37 of 3rd period - Wrist shot by Nikita Kucherov.
0:37 of 3rd period - Stopped by Jacob Markstrom with a rebound.
1:00 of 3rd period - Wrist shot by Adam Gaudette.
1:00 of 3rd period - Stopped by Jaroslav Halak with a rebound.
1:35 of 3rd period - Snap shot by Samuel Blais.
1:35 of 3rd period - Stopped by Jaroslav Halak with a rebound.
1:37 of 3rd period - Slapshot by Noah Hanifin.
1:37 of 3rd period - Stopped by Jaroslav Halak with a rebound.
1:39 of 3rd period - Wrist shot by Erik Cernak.
1:39 of 3rd period - Stopped by Jaroslav Halak with a rebound.
1:41 of 3rd period - Minor Penalty to Marco Scandella for Delaying the game.
1:42 of 3rd period - Tyler Seguin wins face-off versus Tyler Johnson in Oilers zone.
3:03 of 3rd period - Ryan Murray is hit by Connor McDavid and loses puck.
3:41 of 3rd period - Penalty to Marco Scandella is over, Marco Scandella is back on ice.
4:10 of 3rd period - Leon Draisaitl is hit by Adam Gaudette and loses puck.
4:23 of 3rd period - Snap shot by Leon Draisaitl.
4:23 of 3rd period - Deflect By Marco Scandella.
4:23 of 3rd period - Shot Misses the Net.
4:23 of 3rd period - Puck is out of play.
4:24 of 3rd period - Connor McDavid wins face-off versus Roope Hintz in Jets zone.
4:27 of 3rd period - Snap shot by David Pastrnak.
4:27 of 3rd period - Goal by David Pastrnak - Jets : 0 - Oilers : 4.
4:28 of 3rd period - Connor McDavid wins face-off versus Tyler Seguin in neutral zone.
4:43 of 3rd period - Wrist shot by David Pastrnak.
4:43 of 3rd period - Deflect By Connor McDavid.
4:43 of 3rd period - Stopped by Jacob Markstrom without a rebound.
4:44 of 3rd period - Connor McDavid wins face-off versus Charlie Coyle in Jets zone.
4:57 of 3rd period - Slapshot by Troy Stetcher.
4:57 of 3rd period - Shot Misses the Net.
5:16 of 3rd period - Snap shot by Leon Draisaitl.
5:16 of 3rd period - Stopped by Jacob Markstrom with a rebound.
5:24 of 3rd period - Leon Draisaitl is hit by Jack Roslovic and loses puck.
5:36 of 3rd period - Icing by Jamie McBain.
5:37 of 3rd period - Frederik Gauthier wins face-off versus Roope Hintz in Oilers zone.
6:04 of 3rd period - Snap shot by Jack Roslovic.
6:04 of 3rd period - Stopped by Jaroslav Halak with a rebound.
6:14 of 3rd period - Jack Roslovic is hit by Andrew Mangiapane and loses puck.
6:49 of 3rd period - Wrist shot by Noel Acciari.
6:49 of 3rd period - Stopped by Jacob Markstrom without a rebound.
6:50 of 3rd period - Dylan Strome wins face-off versus Tyler Johnson in Jets zone.
7:01 of 3rd period - Slapshot by Dougie Hamilton.
7:01 of 3rd period - Stopped by Jaroslav Halak with a rebound.
7:23 of 3rd period - Wrist shot by Dylan Strome.
7:23 of 3rd period - Shot Blocked by Brent Burns.
7:25 of 3rd period - Snap shot by Adam Larsson.
7:25 of 3rd period - Shot Blocked by Brent Burns.
7:41 of 3rd period - Snap shot by Adam Gaudette.
7:41 of 3rd period - Shot Misses the Net.
7:51 of 3rd period - Robby Fabbri is hit by Brent Burns and loses puck.
8:02 of 3rd period - Jamie Benn is hit by Adam Gaudette and loses puck.
8:31 of 3rd period - Snap shot by Robby Fabbri.
8:31 of 3rd period - Goal by Robby Fabbri - Jets : 1 - Oilers : 4.
8:32 of 3rd period - Frederik Gauthier wins face-off versus Tyler Seguin in neutral zone.
8:34 of 3rd period - Off-side.
8:35 of 3rd period - Tyler Seguin wins face-off versus Nikita Kucherov in neutral zone.
8:50 of 3rd period - Slapshot by Brandon Montour.
8:50 of 3rd period - Stopped by Jacob Markstrom without a rebound.
8:51 of 3rd period - Tyler Johnson wins face-off versus Pavel Buchnevich in Jets zone.
8:57 of 3rd period - Icing by Ryan Murray.
8:58 of 3rd period - Charlie Coyle wins face-off versus Andrew Mangiapane in Jets zone.
9:27 of 3rd period - Snap shot by Alex Tuch.
9:27 of 3rd period - Shot Blocked by Andrew Mangiapane.
9:29 of 3rd period - Wrist shot by Alex Tuch.
9:29 of 3rd period - Stopped by Jaroslav Halak without a rebound.
9:30 of 3rd period - Frederik Gauthier wins face-off versus Tyler Seguin in Oilers zone.
9:35 of 3rd period - Anthony Mantha is hit by Marcus Pettersson and loses puck.
11:18 of 3rd period - Snap shot by Christian Fischer.
11:18 of 3rd period - Goal by Christian Fischer - Jets : 1 - Oilers : 5.
11:19 of 3rd period - Tyler Seguin wins face-off versus Frederik Gauthier in neutral zone.
11:24 of 3rd period - Snap shot by Jack Roslovic.
11:24 of 3rd period - Stopped by Jaroslav Halak without a rebound.
11:25 of 3rd period - Tyler Seguin wins face-off versus Frederik Gauthier in Oilers zone.
11:54 of 3rd period - Slapshot by Marco Scandella.
11:54 of 3rd period - Shot Blocked by Dougie Hamilton.
11:56 of 3rd period - Slapshot by Marco Scandella.
11:56 of 3rd period - Deflect By Jason Robertson.
11:56 of 3rd period - Shot Misses the Net.
11:56 of 3rd period - Puck is out of play.
11:57 of 3rd period - Charlie Coyle wins face-off versus Tyler Johnson in Jets zone.
11:57 of 3rd period - Charlie Coyle is hit by Jason Robertson.
12:03 of 3rd period - Backhand shot by Troy Stetcher.
12:03 of 3rd period - Stopped by Jaroslav Halak without a rebound.
12:04 of 3rd period - Charlie Coyle wins face-off versus Frederik Gauthier in Oilers zone.
12:32 of 3rd period - Minor Penalty to David Pastrnak for Holding.
12:33 of 3rd period - Tyler Johnson wins face-off versus Tyler Seguin in Oilers zone.
13:38 of 3rd period - Snap shot by Tyler Seguin.
13:38 of 3rd period - Shot Blocked by Frederik Gauthier.
13:50 of 3rd period - Wrist shot by Dougie Hamilton.
13:50 of 3rd period - Deflect By Tyler Seguin.
13:50 of 3rd period - Shot Blocked by Leon Draisaitl.
13:50 of 3rd period - Puck is out of play.
13:51 of 3rd period - Charlie Coyle wins face-off versus Tyler Johnson in Oilers zone.
13:54 of 3rd period - Backhand shot by Troy Stetcher.
13:54 of 3rd period - Shot Blocked by Marco Scandella.
13:56 of 3rd period - Wrist shot by Pavel Buchnevich.
13:56 of 3rd period - Shot Misses the Net.
13:58 of 3rd period - Snap shot by Pavel Buchnevich.
13:58 of 3rd period - Stopped by Jaroslav Halak with a rebound.
14:00 of 3rd period - Wrist shot by Charlie Coyle.
14:00 of 3rd period - Stopped by Jaroslav Halak with a rebound.
14:02 of 3rd period - Snap shot by Charlie Coyle.
14:02 of 3rd period - Stopped by Jaroslav Halak without a rebound.
14:03 of 3rd period - Charlie Coyle wins face-off versus Tyler Johnson in Oilers zone.
14:14 of 3rd period - Snap shot by Pavel Buchnevich.
14:14 of 3rd period - Shot Blocked by Marcus Pettersson.
14:16 of 3rd period - Snap shot by Alex Tuch.
14:16 of 3rd period - Stopped by Jaroslav Halak with a rebound.
14:18 of 3rd period - Snap shot by Troy Stetcher.
14:18 of 3rd period - Stopped by Jaroslav Halak without a rebound.
14:19 of 3rd period - Tyler Johnson wins face-off versus Charlie Coyle in Oilers zone.
14:32 of 3rd period - Penalty to David Pastrnak is over, David Pastrnak is back on ice.
14:58 of 3rd period - Wrist shot by Christian Fischer.
14:58 of 3rd period - Shot Misses the Net.
15:00 of 3rd period - Snap shot by Jamie McBain.
15:00 of 3rd period - Stopped by Jacob Markstrom with a rebound.
15:57 of 3rd period - Snap shot by Pavel Buchnevich.
15:57 of 3rd period - Shot Misses the Net.
15:59 of 3rd period - Slapshot by Dougie Hamilton.
15:59 of 3rd period - Deflect By Pavel Buchnevich.
15:59 of 3rd period - Shot Blocked by Jason Robertson.
15:59 of 3rd period - Puck is out of play.
16:00 of 3rd period - Connor McDavid wins face-off versus Tyler Seguin in Oilers zone.
16:14 of 3rd period - Anthony Mantha is hit by Connor McDavid and loses puck.
17:29 of 3rd period - Brett Lernout is hit by Jack Roslovic and loses puck.
17:40 of 3rd period - Backhand shot by Jack Roslovic.
17:40 of 3rd period - Stopped by Jaroslav Halak without a rebound.
17:41 of 3rd period - Frederik Gauthier wins face-off versus Charlie Coyle in Oilers zone.
18:16 of 3rd period - Wrist shot by Tyler Johnson.
18:16 of 3rd period - Shot Misses the Net.
18:32 of 3rd period - Marcus Pettersson is hit by Roope Hintz and loses puck.
18:55 of 3rd period - Slapshot by Marcus Pettersson.
18:55 of 3rd period - Shot Blocked by Erik Cernak.
18:57 of 3rd period - Slapshot by Jamie McBain.
18:57 of 3rd period - Shot Blocked by Robby Fabbri.
18:59 of 3rd period - Snap shot by Jamie McBain.
18:59 of 3rd period - Stopped by Jacob Markstrom with a rebound.
19:01 of 3rd period - Slapshot by Anton Slepyshev.
19:01 of 3rd period - Stopped by Jacob Markstrom without a rebound.
19:02 of 3rd period - Tyler Seguin wins face-off versus Frederik Gauthier in Jets zone.
19:04 of 3rd period - Minor Penalty to Anthony Mantha for Roughing.
19:05 of 3rd period - Tyler Seguin wins face-off versus Connor McDavid in Jets zone.
19:43 of 3rd period - Slapshot by Marco Scandella.
19:43 of 3rd period - Stopped by Jacob Markstrom without a rebound.
19:44 of 3rd period - Connor McDavid wins face-off versus Robby Fabbri in Jets zone.
Goals for this period are 1 for Jets vs 2 for Oilers.
Shots for this period are 17 for Jets vs 11 for Oilers. Output by the SimonT Hockey Simulator (STHS) for Francois Prevost - Original Page W3C HTML5 Valid
Hockey Simulator - Hockey Simulation - Hockey Manager